 Dungeon Crawl Stone Soup version 0.31-a0-851-g7ff8af7976 (webtiles) character file.

Game seed: 17848107779232814208

207 pokeman the Magician (level 5, -3/29 HPs)
             Began as a Deep Elf Hedge Wizard on Oct 6, 2023.
             Asphyxiated
             ... in a sewer.
             The game lasted 00:07:41 (4012 turns).

pokeman the Magician (Deep Elf Hedge Wizard)        Turns: 4012, Time: 00:07:41

Health: -3/29      AC:  3    Str:  7    XL:     5   Next: 54%
Magic:  12/15      EV: 13    Int: 21    God:
Gold:   187        SH:  0    Dex: 14    Spells: 8/16 levels left

rFire   . . .        m - +3 dagger
rCold   . . .        (no shield)
rNeg    + . .        b - +0 robe
rPois   .            c - +0 hat
rElec   .            (no cloak)
rCorr   .            e - +0 pair of gloves
SInv    .            (no boots)
Will    .....        (no amulet)
Stlth   +            n - ring of positive energy
HPRegen 0.24/turn    (no ring)
MPRegen 0.14/turn

%: no passive effects
@: lethally poisoned (-3 -> -32), slowed, very slow
A: no striking features
a: no special abilities


You were in a sewer.
You visited 1 branch of the dungeon, and saw 3 of its levels.
You also visited: Sewer.

You collected 187 gold pieces.

Inventory:

Hand Weapons
 m - a +3 dagger (weapon)
Armour
 b - a +0 robe (worn)
 c - a +0 hat (worn)
 e - a +0 pair of gloves (worn)
Jewellery
 n - a ring of positive energy (left hand)
Wands
 o - a wand of paralysis (13)
Scrolls
 g - 2 scrolls of fog {unknown}
 h - a scroll of poison {unknown}
 i - a scroll of fear {unknown}
 j - 2 scrolls of blinking {unknown}
 l - a scroll of teleportation {unknown}
 q - a scroll of enchant armour {unknown}
 r - a scroll of identify {unknown}
Potions
 a - a potion of attraction {unknown}
 d - a potion of magic
 f - a potion of brilliance {unknown}
 k - 2 potions of heal wounds {unknown}
 p - a potion of might {unknown}
 s - 2 potions of curing {unknown}


   Skills:
 - Level 1.0 Fighting
 - Level 1.0 Armour
 - Level 3.0 Dodging
 - Level 3.0 Stealth
 * Level 6.3 Spellcasting
 + Level 2.7 Conjurations
 - Level 1.1 Summonings
 - Level 1.1 Translocations
 + Level 0.6 Air Magic
 + Level 0.6 Poison Magic
 - Level 1.0 Evocations


You had 8 spell levels left.
You knew the following spells:

 Your Spells              Type           Power      Damage    Failure   Level
a - Magic Dart            Conj           72%        1d6       3%          1
b - Mephitic Cloud        Conj/Pois/Air  12%        N/A       16%         3
c - Call Imp              Summ           22%        N/A       9%          2
d - Blink                 Tloc           22%        N/A       9%          2

Your spell library contained the following spells:

 Spells                   Type           Power      Damage    Failure   Level
 Slow                     Hex            24%        N/A       10%         1
 Cigotuvi's Dreadful Rot  Necr/Pois/Air  16%        N/A       12%         2


Dungeon Overview and Level Annotations

Branches:
Dungeon (3/15)              Sewer (1/1)

Altars:

Shops:
D:2 [

Annotations:
D:1 2 runed translucent doors


Message History

Confirm with . or Enter, or press ? or * to list all spells.
You can't see any susceptible monsters within range! (Use Z to cast anyway.) Unknown command.
A kobold brigand comes into view.
It is wielding a +0 whip and quivering curare-tipped darts.
Casting: Magic Dart (safe; 3% risk of failure)
Confirm with . or Enter, or press ? or * to list all spells.
Aiming: Magic Dart (safe; 3% risk of failure)
Press: ? - help, Shift-Dir - straight line, f - kobold brigand
Aim: a kobold brigand, wielding a +0 whip and quivering curare-tipped darts (wandering, hasn't noticed you, 100% to hit)
The magic dart hits the kobold brigand but does no damage.
The kobold brigand shouts!
Unknown command.
You start resting.
A kobold brigand is nearby!
You start resting.
Magic restored.
The kobold brigand throws a curare-tipped dart.
The curare-tipped dart hits you.
You are poisoned.
You have difficulty breathing.
You feel yourself slow down.
Casting: Magic Dart (safe; 3% risk of failure)
Confirm with . or Enter, or press ? or * to list all spells.
Aiming: Mephitic Cloud (quite dangerous; 16% risk of failure)
Press: ? - help, Shift-Dir - straight line, p - kobold brigand The ball explodes into a vile cloud!
The stinking cloud engulfs the kobold brigand but does no damage.
You feel very sick.
Unknown command.
You feel sick.
The kobold brigand throws a curare-tipped dart.
The curare-tipped dart hits you.
You are lethally poisoned!
You have difficulty breathing.
* * * LOW HITPOINT WARNING * * *
You feel as though you will be slow longer.
The kobold brigand throws a curare-tipped dart.
The curare-tipped dart hits you.
You are more poisoned.
You have difficulty breathing.
You die...

#~# #~# #~# #~#
#~# #~# #~# #~#
#@# #~#
#.~~.~~.~~
.~.~~.~†~~.
~≈~~~°○~~≈≈≈)
≈≈≈≈≈≈≈°○≈≈≈≈≈~
~~~~~~~K○~~≈≈≈~
.....~~..~~~~))
##.###.~~..~)..


You could see a kobold brigand.

Vanquished Creatures
  Natasha (D:3)
  An orc wizard (D:3)
  2 adders (D:3)
  A river rat (D:3)
  2 worms
  2 dart slugs (D:1)
  6 orcs (D:3)
  8 bats
  11 endoplasms
  7 giant cockroaches
  3 goblins
  8 hobgoblins
  5 jackals
  4 quokkas
  4 ball pythons
  4 frilled lizards
  9 kobolds
  8 rats
86 creatures vanquished.

Vanquished Creatures (collateral kills)
  Terence (D:2)
1 creature vanquished.

Grand Total: 87 creatures vanquished

Notes
Turn   | Place    | Note
-------+----------+-------------------------------------------
     0 | D:1      | pokeman the Deep Elf Hedge Wizard began the quest for the
                  | Orb.
     0 | D:1      | Reached XP level 1. HP: 10/10 MP: 7/7
   189 | D:1      | Found a large runed translucent door.
   189 | D:1      | Found a large runed translucent door.
   190 | D:1      | Noticed an orc wizard
   191 | D:1      | Noticed an orc wizard
   191 | D:1      | Noticed an orc wizard
   192 | D:1      | Noticed an orc warrior
   243 | D:1      | Reached XP level 2. HP: 16/16 MP: 5/9
   967 | D:1      | Reached skill level 5 in Spellcasting
  1237 | D:1      | Reached XP level 3. HP: 15/20 MP: 6/11
  1241 | D:1      | Learned a level 3 spell: Mephitic Cloud
  1244 | D:1      | Learned a level 2 spell: Call Imp
  1247 | D:1      | Learned a level 2 spell: Blink
  1648 | D:2      | Found a faded altar of an unknown god.
  1680 | D:2      | Noticed Terence
  1832 | D:2      | Found Olan's Antique Armour Boutique.
  2065 | D:2      | Reached skill level 1 in Armour
  2302 | D:2      | Reached skill level 1 in Fighting
  3122 | D:2      | Killed Terence
  3123 | D:2      | Reached XP level 4. HP: 23/25 MP: 5/13
  3514 | D:3      | Reached skill level 6 in Spellcasting
  3514 | D:3      | Reached XP level 5. HP: 29/29 MP: 5/15
  3612 | D:3      | Noticed Natasha
  3615 | D:3      | Killed Natasha
  3771 | D:3      | Found a glowing drain.
  3785 | D:3      | Reached skill level 1 in Evocations
  3806 | Sewer    | Entered a sewer
  4012 | Sewer    | Asphyxiated

Illustrated notes

Levels and vault maps discovered:
D:1:      erik_arrival_cave_to_civilisation [erik_arrival_cave_to_temple],
          layout_loops_ring
D:2:      layout_basic, serial_shops, nicolae_shop_dealshenge,
          ebering_ecumenical_altar_hall, hex_intersection, uniq_terence
D:3:      minmay_general_purpose_star, layout_rooms, portal_sewer_entry_b,
          uniq_natasha
Sewer:    sewer_kobolds

Skill      XL: |  1  2  3  4  5 |
---------------+----------------+-----
Spellcasting   | 5 6 |  6.3
Armour         | 1 |  1.0
Fighting       | 1 |  1.0
Conjurations   | 2 |  2.7
Stealth        | 3 |  3.0
Dodging        | 3 |  3.0
Evocations     | 1 |  1.0
Summonings     | |  1.1
Translocations | |  1.1
Air Magic      | |  0.6
Poison Magic   | |  0.6

Action                     |  1- 3 |  4- 6 || total
---------------------------+-------+-------++-------
  Melee: Dagger            |    25 |    40 ||    65
         Punch             |     1 |     2 ||     3
   Cast: Magic Dart        |   115 |    65 ||   180
         Mephitic Cloud    |     5 |     4 ||     9
         Call Imp          |     2 |       ||     2
   Stab: Confused          |     2 |     3 ||     5
         Sleeping          |     1 |     4 ||     5
 Armour: Robe              |    29 |    28 ||    57
  Dodge: Dodged            |    19 |    28 ||    47

Table legend: (Time is in decaauts)
 A = Elapsed time spent in this place.
 B = Non-inter-level travel time spent in this place.
 C = Inter-level travel time spent in this place.
 D = Time resting spent in this place.
 E = Time spent auto-exploring this place.
 F = Levels seen in this place.
 G = Mean time per level.
                   A        B        C        D        E       F      G
               +--------+--------+--------+--------+--------+-----+--------+
         Total |   4029 |   3829 |    200 |    302 |   2572 |   4 | 1007.2 |
       Dungeon |   3808 |   3608 |    200 |    202 |   2494 |   3 | 1269.3 |
         Sewer |    220 |    220 |      0 |    100 |     78 |   1 |  220.0 |
               +--------+--------+--------+--------+--------+-----+--------+

Top non-repeatable levels by time:
     D:2: 1881 daAuts
     D:1: 1443 daAuts
     D:3: 483 daAuts
   Sewer: 220 daAuts
